 Dungeon Crawl Stone Soup version 0.30-a0-743-gbfdf073431 (webtiles) character file.

Game seed: 16347958182116472010

162944 LennaLeFay the Executioner (level 16, -11/240 HPs)
             Began as a Minotaur Berserker on Feb 6, 2023.
             Was a High Priest of Trog.
             Mangled by a spriggan berserker
             ... wielding a +0 antimagic war axe
              (13 damage)
             ... on level 1 of the Swamp.
             The game lasted 01:27:43 (22875 turns).

LennaLeFay the Executioner (Minotaur Berserker)    Turns: 22875, Time: 01:27:44

Health: -11/240    AC: 41    Str: 31 (33) XL:     16   Next: 97%
Magic:  0/15       EV:  9    Int:  7 (8)  God:    Trog [*****.]
Gold:   3545       SH:  0    Dex: 11      Spells: 15/15 levels left

rFire   + + +      SeeInvis .    a - +4 executioner's axe of True Grit {heavy, rF+ Stlth+}
rCold   . . .      Faith    .    (shield currently unavailable)
rNeg    . . .      Spirit   .    D - +10 plate armour of Youthful Indiscretion {Rampage rC- rCorr}
rPois   .          Reflect  .    I - +1 hat "Cameereu" {Int+2}
rElec   .          Harm     .    q - scarf {rC+ rF+}
rCorr   +          Rampage  +    O - +0 pair of gloves
Will    +....      Clarity  +    K - +2 pair of boots {Fly} Stlth Rnd*Tele +
                                 M - amulet "Irenlaf" {Regen+ Str+4 Int+4}
HPRegen 1.40/turn                H - ring of protection from fire
MPRegen 0.14/turn                o - +4 ring of protection

@: berserking, lethally poisoned (-11 -> -12), flying, very quick
A: horns 2, retaliatory headbutt, claws 1, iridescent scales 1, clarity,
deterioration 1, dopey 1, teleportitis 1
}: 1/15 runes: gossamer
a: Renounce Religion, Berserk, Trog's Hand, Brothers in Arms


You were on level 1 of the Swamp.
You worshipped Trog.
Trog was extremely pleased with you.
You visited 5 branches of the dungeon, and saw 25 of its levels.
You also visited: Sewer, Ossuary, Bailey and Gauntlet.

You collected 4429 gold pieces.
You spent 884 gold pieces at shops.

Inventory:

Hand Weapons
 a - the +4 executioner's axe of True Grit (weapon) {heavy, rF+ Stlth+}
   (You acquired it on level 2 of the Lair of Beasts)

   rF:        It protects you from fire.
   Stlth:     It makes you more stealthy.
 C - a +5 battleaxe of flaming
 N - a +4 antimagic executioner's axe
Armour
 q - a scarf of resistance (worn)
 D - the +10 plate armour of Youthful Indiscretion (worn) {Rampage rC- rCorr}
   (You bought it in a shop on level 12 of the Dungeon)

   rC:        It makes you vulnerable to cold.
   rCorr:     It protects you from acid and corrosion.
   Rampage:   It bestows one free step when moving towards enemies.
 I - the +1 hat "Cameereu" (worn) {Int+2}
   (You acquired it on level 3 of the Lair of Beasts)

   Int:       It affects your intelligence (+2).
 K - a +2 pair of boots of flying (worn)
 O - a +0 pair of gloves (worn)
 P - a +0 pair of gloves of strength
Jewellery
 c - a +6 ring of intelligence
 o - a +4 ring of protection (right hand)
 w - a ring of see invisible
 x - an amulet of reflection
 H - a ring of protection from fire (left hand)
 M - the amulet "Irenlaf" (around neck) {Regen+ Str+4 Int+4}
   (You found it on level 1 of the Lair of Beasts)

   [amulet of regeneration]

   Str:       It affects your strength (+4).
   Int:       It affects your intelligence (+4).
   Regen:     It increases your rate of health regeneration.
Wands
 i - a wand of mindburst (21)
 m - a wand of polymorph (10)
 p - a wand of flame (37)
 t - a wand of charming (18)
 u - a wand of quicksilver (22)
 y - a wand of iceblast (31) (quivered)
Scrolls
 d - 5 scrolls of teleportation
 j - 7 scrolls of fear
 k - a scroll of enchant weapon
 l - 3 scrolls of brand weapon
 n - 4 scrolls of enchant armour
 r - 16 scrolls of identify
 s - 2 scrolls of fog
 v - a scroll of magic mapping
 B - a scroll of blinking
Potions
 b - 4 potions of heal wounds
 e - 9 potions of curing
 f - 7 potions of might
 g - 10 potions of haste
 h - a potion of magic
 z - 4 potions of cancellation
 A - 3 potions of resistance
 F - 4 potions of flight
 G - a potion of berserk rage
 J - a potion of invisibility
 L - 4 potions of ambrosia
Miscellaneous
 E - a tin of tremorstones (2/2)


   Skills:
 + Level 19.1 Fighting
 + Level 25.1 Axes
 + Level 18.5 Armour
 - Level 2.3 Dodging
 - Level 0.3 Shields
 + Level 1.6 Evocations


You had 15 spell levels left.
You didn't know any spells.
Your spell library was empty.

Dungeon Overview and Level Annotations

Branches:
Dungeon (13/15)            Temple (0/1) D:6            Lair (5/5) D:9
  Swamp (1/4) Lair:2       Spider (4/4) Lair:2        Slime (0/5) Lair:5
    Orc (2/2) D:11            Elf (0/3) Orc:2         Sewer (visited)
Ossuary (visited)          Bailey (visited)         Gauntlet (visited)
 Vaults: D:13-14

Altars:
Ashenzari
Cheibriados
Dithmenos
Fedhas
Gozag
Okawaru
Ru
Trog
Wu Jian
Zin
The Shining One
Jiyva

Shops:
D:1 [   D:6 *   D:10 !   D:11 :   D:12 (:[   Orc:2 :[[?*

Annotations:
D:10 amulets
D:13 vaults!
Swamp:1 1 transporter, ryw's ghost, journeyman OgGl


Innate Abilities, Weirdness & Mutations

You have a pair of horns on your head.
You reflexively headbutt those who attack you in melee.
You have sharp fingernails.
You are partially covered in iridescent scales. (AC +2)
You possess an exceptional clarity of mind.
Your body sometimes deteriorates upon taking damage.
You are dopey. (Int -2)
You are occasionally teleported next to monsters.


Message History

The spriggan rider hits you but does no damage. x2
The spriggan berserker hits you with a +0 antimagic war axe!
* * * LOW HITPOINT WARNING * * *
The moth of wrath bites you but does no damage.
Ryw's ghost hits you.
* * * LOW HITPOINT WARNING * * *
You are lethally poisoned!
You feel better.
The spriggan berserker hits you with a +0 antimagic war axe!!
* * * LOW HITPOINT WARNING * * *
Your body deteriorates!
You feel dopey.
Your ogre barely misses the moth of wrath.
The spriggan rider barely misses you.
The spriggan rider hits you from afar with a +0 spear.
* * * LOW HITPOINT WARNING * * *
The moth of wrath completely misses you.
The spriggan berserker barely misses you.
Ryw's ghost hits you but does no damage.
You are poisoned.
You feel much better.
You feel sick.
Your ogre barely misses the moth of wrath.
The spriggan rider hits you from afar with a +0 antimagic trident!
* * * LOW HITPOINT WARNING * * *
The spriggan rider hits you but does no damage.
The spriggan berserker closely misses you.
You furiously retaliate!
You headbutt the spriggan berserker!
The moth of wrath bites you but does no damage.
Ryw's ghost hits you but does no damage.
You hear a trumpeting!
A red film seems to cover your vision as you go berserk!
You feel yourself moving faster!
You feel mighty!
You feel sick.
The spriggan berserker hits you with a +0 antimagic war axe.
* * * LOW HITPOINT WARNING * * *
Your ogre hits the moth of wrath with a +0 giant club!!!
The spriggan rider hits you but does no damage.
The spriggan rider hits you from afar with a +0 spear!
* * * LOW HITPOINT WARNING * * *
The moth of wrath bites you but does no damage.
The spriggan berserker hits you with a +0 antimagic war axe!
You die...

♣♣...§~~........♣♣~~♣.~~...~ ~~.
♣♣.~..~~...........~♣....~♣ ~~~
.....)~....# ###....~..~~♣ ~..
~~..)~~..### ..###...†♣♣~♣ ♣...}.
~..♣)...## ...##...♣ ♣~~~~~
♣..~~~..### # #.##..§♣♣ ♣~~~~~
♣♣♣..~.##.#§#.###.##...♣ ♣♣~~~~.
♣♣..(#i.##}..≈##.#..~♣ ♣♣.~~~..
♣♣♣..©#i...._.#@.O#©.~♣ ♣~~~~~~~
♣♣~.)..#...#?)YiWy.#..♣♣ ♣.~~~§.♣
♣.~~...##..#≈#iiii##..♣♣♣♣~~~~~.♣
♣♣.♣~...#.####....#..~..♣♣.~~~.♣♣
♣♣♣♣~..###..$...##..~~..~~~~~.♣~
♣♣...###.©.###..♣...^~~~~~...
♣♣....#####.=..♣♣♣...~~~~...
♣~............♣♣♣~..~.§~..♣♣
♣..~~.......♣♣~♣.........♣♣♣


You could see an elephant (summoned, berserk), 3 spriggan riders, a spriggan
berserker (berserk, regenerating, strong-willed), a moth of wrath (ally target),
a spriggan, ryw's ghost and a friendly ogre (summoned, berserk).

Vanquished Creatures
  Mlioglotl (Spider:4)
  8 ghost moths
  An emperor scorpion (Spider:2)
  Aizul (Spider:3)
  A broodmother (Spider:3)
  A quicksilver ooze (Gauntlet)
  A minotaur (Gauntlet)
  2 spark wasps
  Snorg (Lair:5)
  Josephine (Orc:2)
  8 entropy weavers
  3 vault guards
  3 jorogumos
  2 catoblepae
  5 boulder beetles
  2 hydras
  An ogre mage (D:12)
  2 radroaches
  A centaur warrior (D:12)
  5 two-headed ogres
  A death scarab (Spider:4)
  An alligator (Swamp:1)
  A tengu warrior (Gauntlet)
  3 orc high priests (Orc:2)
  5 death yaks (Lair:5)
  3 spriggans (Swamp:1)
  Amaemon (D:9)
  Lodul (D:11)
  4 pharaoh ants
  2 sun moths
  2 goliath frogs
  An obsidian statue (Gauntlet)
  A lindwurm (Lair:1)
  8 orb spiders
  2 spectral wolf spiders (Spider:4)
  3 steelbarb worms
  A wolf spider zombie (Spider:4)
  An orc knight (D:12)
  A broodmother zombie (Spider:4)
  A deep elf pyromancer (D:12)
  An ugly thing (D:13)
  An orc sorcerer (Orc:2)
  A will-o-the-wisp (Swamp:1)
  21 wolf spiders
  7 moths of wrath
  An elephant (D:9)
  A black mamba (Lair:4)
  An orange demon (D:9)
  A gargoyle (D:13)
  An unseen horror (D:12)
  20 cane toads
  8 demonic crawlers
  4 rime drakes
  A kobold demonologist (D:12)
  2 redback zombies (Spider:4)
  An ice devil (Gauntlet)
  5 komodo dragons
  A yaktaur (D:13)
  3 tengu conjurers
  4 trolls
  A spectral culicivora (Spider:4)
  3 tyrant leeches
  A spectral jumping spider (Spider:4)
  21 tarantellas
  Prince Ribbit (Bailey)
  2 spectral tarantellas (Spider:4)
  Grinder (D:4)
  3 hornets (Swamp:1)
  2 tarantella zombies (Spider:4)
  17 blink frogs
  11 dream sheep
  A jumping spider zombie (Spider:4)
  7 slime creatures (D:12)
  22 jumping spiders
  17 culicivoras
  3 wraiths
  A shadow (D:7)
  2 vampires
  23 yaks
  4 wyverns
  6 basilisks
  6 humans (Bailey)
  A neqoxec (Gauntlet)
  70 redbacks
  11 vampire mosquitoes
  2 chaos spawn (Gauntlet)
  3 swamp worms
  2 acid dragons
  Edmund (D:4)
  10 water moccasins
  A sky beast (D:6)
  8 orc warriors
  16 wolves
  8 ogres
  8 centaurs
  A phantom (D:5)
  5 kobold brigands
  An elf zombie (Ossuary)
  2 necrophages
  25 bullfrogs
  6 gnoll sergeants
  2 scorpions
  7 wights
  5 killer bees (D:8)
  6 howler monkeys
  3 electric eels
  12 hounds
  8 jellies
  18 orc priests
  An iron imp (D:3)
  Natasha (thrice) (D:3)
  4 iguanas
  14 orc wizards
  4 mummies
  32 gnolls
  15 adders
  A river rat (Sewer)
  A shadow imp (D:7)
  4 white imps
  An ufetubus (D:4)
  6 adder zombies (Ossuary)
  3 worms
  3 dart slugs
  24 orcs
  10 bats
  4 endoplasms
  2 giant cockroaches
  12 goblins
  5 hobgoblins (D:3)
  7 jackals
  2 quokkas
  7 ball pythons
  2 frilled lizards (D:3)
  2 goblin zombies (Ossuary)
  A hobgoblin zombie (Ossuary)
  24 kobolds
  A kobold zombie (Ossuary)
  An orc zombie (Ossuary)
  2 quokka zombies (Ossuary)
  8 rats
  4 rat zombies (Ossuary)
  A butterfly (Lair:5)
  A fungus (Spider:3)
  A plant (Lair:5)
788 creatures vanquished.

Vanquished Creatures (collateral kills)
  An emperor scorpion (Spider:4)
  An entropy weaver (Spider:2)
  2 vault guards (D:12)
  5 death scarabs (Spider:4)
  An orc high priest (Orc:2)
  A boulder beetle (Spider:4)
  5 death yaks (Lair:5)
  A pharaoh ant (Spider:2)
  3 orb spiders (Spider:2)
  A spectral jorogumo (Spider:4)
  4 wolf spiders
  An ugly thing (D:12)
  A demonic crawler (Spider:2)
  A cane toad (Lair:5)
  2 spectral redbacks (Spider:4)
  A komodo dragon (Lair:5)
  A spectral jumping spider (Spider:4)
  A tarantella (Spider:2)
  2 spectral culicivoras (Spider:4)
  7 dream sheep
  4 culicivoras (Spider:4)
  2 jumping spiders (Spider:4)
  A wraith (Orc:2)
  A water elemental (D:12)
  6 redbacks
  A warg (Orc:2)
  An ogre (Orc:2)
  A phantom (D:5)
  2 centaurs (D:6)
  A bullfrog (Lair:4)
  A scorpion (D:5)
  A gnoll bouda (D:5)
  2 gnolls
66 creatures vanquished.

Vanquished Creatures (others)
  A culicivora (Spider:3)
  2 foxfires (Swamp:1)
  22 fungi
  79 plants
104 creatures vanquished.

Grand Total: 958 creatures vanquished

Notes
Turn   | Place    | Note
-------+----------+-------------------------------------------
     0 | D:1      | LennaLeFay the Minotaur Berserker began the quest for the
                  | Orb.
     0 | D:1      | Reached XP level 1. HP: 19/19 MP: 0/0
   137 | D:1      | Found Vixulimn's Antique Armour Shop.
   149 | D:1      | Reached skill level 4 in Axes
   149 | D:1      | Reached XP level 2. HP: 26/27 MP: 1/1
   275 | D:1      | Found a faded altar of an unknown god.
   580 | D:2      | Reached XP level 3. HP: 28/33 MP: 2/2
   876 | D:2      | Reached ** piety under Trog
  1008 | D:3      | Reached skill level 5 in Axes
  1008 | D:3      | Reached XP level 4. HP: 38/41 MP: 3/3
  1097 | D:3      | Noticed Natasha
  1109 | D:3      | Killed Natasha
  1367 | D:3      | Found a snail-covered altar of Cheibriados.
  1375 | D:3      | Reached skill level 5 in Fighting
  1375 | D:3      | Reached XP level 5. HP: 48/48 MP: 4/4
  1425 | D:3      | Noticed Natasha
  1432 | D:3      | Killed Natasha
  1433 | D:3      | Reached skill level 6 in Axes
  1673 | D:3      | Noticed Natasha
  1684 | D:3      | Killed Natasha
  1863 | D:3      | Found a glowing silver altar of Zin.
  2411 | D:4      | Found a sacrificial altar of Ru.
  2445 | D:4      | Noticed Edmund
  2455 | D:4      | Killed Edmund
  2456 | D:4      | Reached skill level 7 in Axes
  2456 | D:4      | Reached XP level 6. HP: 57/57 MP: 5/5
  2523 | D:4      | Found a glowing drain.
  2538 | Sewer    | Entered a sewer
  2634 | Sewer    | Reached *** piety under Trog
  2692 | Sewer    | Gained mutation: You are partially covered in iridescent
                  | scales. (AC +2) [potion of mutation]
  2692 | Sewer    | Gained mutation: You have hidden genetic potential. [potion
                  | of mutation]
  2994 | Sewer    | Reached XP level 7. HP: 52/63 MP: 6/6
  3201 | D:4      | Reached skill level 8 in Axes
  3201 | D:4      | Gained mutation: You have sharp fingernails. [hidden
                  | potential]
  3335 | D:4      | Noticed Grinder
  3343 | D:4      | Paralysed by Grinder for 2 turns
  3345 | D:4      | Killed Grinder
  3346 | D:4      | Reached skill level 5 in Armour
  3527 | D:4      | Found a glowing golden altar of the Shining One.
  3806 | D:5      | Entered Level 5 of the Dungeon
  3836 | D:5      | Reached XP level 8. HP: 51/71 MP: 7/7
  3863 | D:5      | Found a sand-covered staircase.
  3877 | Ossuary  | Entered an ossuary
  3982 | Ossuary  | Reached **** piety under Trog
  3993 | Ossuary  | Reached skill level 9 in Axes
  4023 | Ossuary  | Gained mutation: You possess an exceptional clarity of
                  | mind. [hidden potential]
  4023 | Ossuary  | Lost mutation: You have hidden genetic potential. [hidden
                  | potential expressed]
  4398 | D:5      | Identified a scroll of acquirement
  4631 | D:5      | Found a shadowy altar of Dithmenos.
  4631 | D:5      | Found an iron altar of Okawaru.
  4675 | D:5      | Reached ***** piety under Trog
  4676 | D:5      | Reached skill level 10 in Axes
  4775 | D:5      | Reached XP level 9. HP: 67/79 MP: 8/8
  5183 | D:6      | Found a broken altar of Ashenzari.
  5278 | D:6      | Found Deikh's Assorted Antiques.
  5368 | D:6      | Reached skill level 11 in Axes
  5491 | D:6      | Found a staircase to the Ecumenical Temple.
  5843 | D:6      | Reached skill level 12 in Axes
  5866 | D:6      | Identified the +3 falchion of Otijoon {heavy, Str+3 Int+2}
  6220 | D:7      | Found an opulent altar of Gozag.
  6307 | D:7      | Found an ornate altar of the Wu Jian Council.
  6449 | D:7      | Reached skill level 10 in Armour
  6449 | D:7      | Reached XP level 10. HP: 85/90 MP: 9/9
  6463 | D:7      | Found a blossoming altar of Fedhas.
  6839 | D:8      | Received a gift from Trog
  6896 | D:8      | Found a flagged portal.
  6944 | Bailey   | Entered a bailey
  7043 | Bailey   | Reached skill level 13 in Axes
  7133 | Bailey   | Noticed a vault guard
  7133 | Bailey   | Noticed Prince Ribbit
  7138 | Bailey   | Killed Prince Ribbit
  7143 | Bailey   | Killed a vault guard
  7144 | Bailey   | Reached skill level 14 in Axes
  7222 | Bailey   | Noticed a vault guard
  7235 | Bailey   | Killed a vault guard
  7410 | D:8      | Noticed a two-headed ogre
  7419 | D:8      | Killed a two-headed ogre
  7420 | D:8      | Reached XP level 11. HP: 97/97 MP: 10/10
  7718 | D:9      | Reached skill level 15 in Axes
  7752 | D:9      | Found a staircase to the Lair.
  7827 | D:9      | Noticed Amaemon
  7835 | D:9      | Killed Amaemon
  7836 | D:9      | Reached skill level 10 in Fighting
  8298 | D:10     | Entered Level 10 of the Dungeon
  8352 | D:10     | Reached skill level 16 in Axes
  8386 | D:10     | Found Loluaje's Distillery.
  8632 | D:10     | Noticed a two-headed ogre
  8638 | D:10     | Killed a two-headed ogre
  8698 | D:10     | Noticed a two-headed ogre
  8707 | D:10     | Killed a two-headed ogre
  9145 | D:11     | Noticed Lodul
  9155 | D:11     | Killed Lodul
  9156 | D:11     | Reached skill level 17 in Axes
  9183 | D:11     | Reached XP level 12. HP: 79/110 MP: 11/11
  9440 | D:11     | Identified the +9 quarterstaff "Ufihiad" {heavy, Will+
                  | rCorr MP+9 Dex-4}
  9494 | D:11     | Found Suamir's Book Boutique.
  9563 | D:11     | Found a staircase to the Orcish Mines.
  9580 | D:11     | Found a gate leading to a gauntlet.
  9588 | Gauntlet | Entered a Gauntlet
  9588 | Gauntlet | Found a transporter.
  9601 | Gauntlet | Found a transporter.
  9601 | Gauntlet | Found a transporter.
  9602 | Gauntlet | Found a transporter.
  9610 | Gauntlet | Found a transporter.
  9613 | Gauntlet | Found a transporter.
  9614 | Gauntlet | Found a transporter.
  9621 | Gauntlet | Noticed a tengu warrior
  9627 | Gauntlet | Found a transporter.
  9628 | Gauntlet | Found a transporter.
  9629 | Gauntlet | Found a transporter.
  9632 | Gauntlet | Found a runed translucent door.
  9632 | Gauntlet | Found a runed translucent door.
  9633 | Gauntlet | Noticed a quicksilver ooze
  9636 | Gauntlet | Found a transporter.
  9639 | Gauntlet | Found a transporter.
  9640 | Gauntlet | Found a transporter.
  9656 | Gauntlet | Found a transporter.
  9890 | Gauntlet | Killed a tengu warrior
  9923 | Gauntlet | Killed a quicksilver ooze
  9955 | Gauntlet | Gained mutation: You are dopey. (Int -2) [a neqoxec]
 10039 | Gauntlet | Noticed a minotaur
 10045 | Gauntlet | Killed a minotaur
 10046 | Gauntlet | Reached skill level 18 in Axes
 10483 | D:12     | Noticed a centaur warrior
 10490 | D:12     | Killed a centaur warrior
 10526 | D:12     | Noticed a two-headed ogre
 10534 | D:12     | Killed a two-headed ogre
 10644 | D:12     | Found Loeto's Book Boutique.
 10888 | D:12     | Found Xome's Weapon Boutique.
 10973 | D:12     | Noticed a boulder beetle
 10981 | D:12     | Killed a boulder beetle
 11357 | D:12     | Reached skill level 19 in Axes
 11430 | D:12     | Found Patera's Antique Armour Boutique.
 11438 | D:12     | Bought a faintly humming plate armour for 588 gold pieces
 11438 | D:12     | Identified the +10 plate armour of Youthful Indiscretion
                  | {Rampage rC- rCorr} (You bought it in a shop on level 12 of
                  | the Dungeon)
 11438 | D:12     | Bought a pair of embroidered boots for 157 gold pieces
 11750 | D:13     | Noticed a vault guard
 11948 | D:13     | Noticed a vault guard
 11955 | D:13     | Noticed an ogre mage
 11972 | D:13     | Paralysed by an ogre mage for 4 turns
 11973 | D:13     | Noticed a vault guard
 11974 | D:13     | Noticed a vault guard
 11979 | D:12     | Killed an ogre mage
 11984 | D:12     | Reached XP level 13. HP: 100/119 MP: 12/12
 12041 | D:13     | Paralysed by an orc sorcerer for 3 turns
 12337 | Lair:1   | Entered Level 1 of the Lair of Beasts
 12798 | Lair:1   | You are sucked into a shaft and drop 1 floor!
 12857 | Lair:2   | Found a staircase to the Swamp.
 13058 | Lair:1   | Identified the amulet "Irenlaf" {Regen+ Str+4 Int+4}
 13529 | Lair:2   | Acquired the +4 executioner's axe of True Grit {heavy, rF+
                  | Stlth+}
 13554 | Lair:2   | Acquired a scarf of resistance
 13711 | Lair:2   | Found a hole to the Spider Nest.
 14406 | Lair:3   | Reached skill level 20 in Axes
 14430 | Lair:3   | Reached skill level 1 in Evocations
 14790 | Lair:3   | Acquired the +1 hat "Cameereu" {Int+2}
 15954 | Lair:5   | Entered Level 5 of the Lair of Beasts
 16174 | Lair:5   | Reached XP level 14. HP: 115/132 MP: 13/13
 16179 | Lair:5   | Reached skill level 15 in Armour
 16248 | Lair:5   | Found a viscous altar of Jiyva.
 16265 | Lair:5   | Found a staircase to the Slime Pits.
 16299 | Lair:5   | Noticed Snorg
 16305 | Lair:5   | Killed Snorg
 16337 | Lair:5   | Reached skill level 21 in Axes
 16828 | Lair:5   | Reached skill level 15 in Fighting
 17464 | Orc:1    | Entered Level 1 of the Orcish Mines
 17488 | Orc:1    | Reached skill level 22 in Axes
 17548 | Orc:2    | Entered Level 2 of the Orcish Mines
 17548 | Orc:2    | Noticed Josephine
 17553 | Orc:2    | Killed Josephine
 17561 | Orc:2    | Found a staircase to the Elven Halls.
 17699 | Orc:2    | Found Xiemoff's Assorted Antiques.
 17879 | Orc:2    | Gained mutation: Your body sometimes deteriorates upon
                  | taking damage. [a neqoxec]
 17880 | Orc:2    | Gained mutation: You are occasionally teleported next to
                  | monsters. [a neqoxec]
 17983 | Orc:2    | Found Sejiomen's Magic Scroll Shoppe.
 17983 | Orc:2    | Found Eragriuga's Antique Armour Emporium.
 17984 | Orc:2    | Found Aklim's Book Emporium.
 17988 | Orc:2    | Found Fyos Ytu's Antique Armour Shoppe.
 17995 | Orc:2    | Bought a pair of gloves for 139 gold pieces
 18238 | Spider:1 | Entered Level 1 of the Spider Nest
 18411 | Spider:1 | Reached XP level 15. HP: 92/143 MP: 14/14
 18725 | Spider:1 | Received a gift from Trog
 18960 | Spider:1 | Identified the +8 hand axe of Ilovu {drain, rPois Will-
                  | Str+4 Stlth+}
 19281 | Spider:1 | Reached skill level 23 in Axes
 19423 | Spider:2 | Noticed an emperor scorpion
 19437 | Spider:2 | Killed an emperor scorpion
 20763 | Spider:2 | Reached skill level 24 in Axes
 21260 | Spider:3 | Reached XP level 16. HP: 155/155 MP: 15/15
 21293 | Spider:3 | Reached ****** piety under Trog
 21592 | Spider:3 | Received a gift from Trog
 21928 | Spider:4 | Entered Level 4 of the Spider Nest
 21988 | Spider:4 | Noticed Mlioglotl
 22054 | Spider:4 | Noticed Aizul
 22069 | Spider:3 | Killed Aizul
 22164 | Spider:4 | Killed Mlioglotl
 22297 | Spider:4 | Received a gift from Trog
 22342 | Spider:4 | Got a gossamer rune of Zot
 22461 | Spider:4 | Reached skill level 25 in Axes
 22701 | Swamp:1  | Entered Level 1 of the Swamp
 22772 | Swamp:1  | Found a transporter.
 22776 | Swamp:1  | Noticed ryw's ghost (journeyman OgGl)
 22785 | Swamp:1  | Found a bloodstained altar of Trog.
 22785 | Swamp:1  | Identified the +4 morningstar "Hydrabane" {holy, rC++ Will+
                  | rCorr Int-2 Dex+4}
 22832 | Swamp:1  | Found a transporter.
 22873 | Swamp:1  | HP: 7/160 [spriggan berserker/+0 antimagic war axe (24)]
 22873 | Swamp:1  | HP: 2/160 [spriggan rider/+0 spear (5)]
 22875 | Swamp:1  | Mangled by a spriggan berserker

Illustrated notes

Levels and vault maps discovered:
D:1:      mushboom_english_gardens, layout_basic,
          dreamdust_ecumenical_altar_grove, serial_shops, shop
D:2:      minmay_chambers_of_twos, layout_rooms, serial_curves, eino_curves_01,
          eino_curves_04, minmay_door_square, kennysheep_generic_room_6,
          uniq_sigmund
D:3:      layout_basic, mainiacjoe_overflow_chevrons, slow_altar_2,
          minmay_misc_feat_alley, nrook_uturn, uniq_natasha
D:4:      layout_loops_ring, mainiacjoe_overflow_concentric_impassable,
          nicolae_ru_sacrificial_ziggurat, cheibrodos_sewer_entry_bend,
          grunt_ministairs_2, uniq_grinder, uniq_edmund
D:5:      layout_cave_pools, nicolae_overflow_two_pavilions, serial_gnoll_camp,
          gnoll_camp_mini_basic, gnoll_camp_medium_01, gnoll_camp_mini_doghouse,
          gnoll_camp_mini_loothouse, gnoll_camp_mini_house,
          gup_ossuary_entry_pyramid
D:6:      layout_loops_ring, nicolae_overflow_crystal_walls,
          minmay_temple_entry_junction, serial_shops, nicolae_shop_trees,
          kennysheep_decorative_pillar
D:7:      layout_basic, nicolae_wu_jian_immortal_techniques,
          mainiacjoe_overflow_small_starburst, mainiacjoe_overflow_catwalk,
          kennysheep_minor_cross
D:8:      layout_rooms, enter_bailey_6
D:9:      layout_cave_pools, david_lair_generic, nrook_mini_backslash,
          uniq_amaemon
D:10:     layout_roguey, serial_shops, shop, nrook_pool_corridor
D:11:     layout_loops_cross, orc_0_dummy, serial_shops, kennysheep_mini_moat,
          gauntlet_entry_generic, nicolae_eternal_life, uniq_lodul
D:12:     layout_layer_cave, serial_shops,
          nicolae_shop_competitors_out_of_business, shop,
          nicolae_shop_window_shopping, serial_glass, glass_columns_a,
          glass_columns_a, minmay_strange_pillars, unseen_surprise_small,
          unseen_surprise_small, feat_on_display
D:13:     layout_basic, grunt_vaults_entry_fortified, serial_bayou,
          serial_bayou_lagoon_b, serial_bayou_lagoon_a, serial_bayou_crossing,
          serial_bayou_pond_d, grunt_livestock
Lair:1:   layout_regular_city, minivault_26
Lair:2:   layout_cave_pods, minmay_swamp_entry_worms,
          nicolae_spider_entry_lesser_pyramids, st_stairs_8
Lair:3:   layout_loops_ring
Lair:4:   layout_cave_pods, grunt_megastairs_2, infiniplex_staircase_pool
Lair:5:   minmay_lair_end_frog_pond, layout_cave_pods,
          nicolae_slime_entry_field_trip, serial_bayou_pond_b,
          lemuel_fruit_fields, uniq_snorg
Swamp:1:  layout_basic_swamp, gammafunk_ghost_wrathful_warriors,
          nicolae_swamp_ascending_descending
Spider:1: layout_spider_delve, nicolae_spider_nooks_and_crannies
Spider:2: nicolae_spider_hilbert_zone_5 [nicolae_spider_hilbert_3_sides_1_open,
          nicolae_spider_hilbert_4_sides_1_open,
          nicolae_spider_hilbert_4_sides_1_open,
          nicolae_spider_hilbert_6_sides_1_open,
          nicolae_spider_hilbert_6_sides_1_open], drop_trap
Spider:3: layout_spider_delve, spiders_nest_spider_trap
Spider:4: floodkiller_spider_rune_tomb, gammafunk_ghost_berserking_beasts,
          uniq_aizul, uniq_mlioglotl
Orc:1:    layout_diamond_mine, basic_altar, nicolae_orc_tapped_out
Orc:2:    st_orc_mages, layout_diamond_mine, serial_shops,
          nicolae_shop_behind_doors, uniq_josephine

Skill      XL: |  1  2  3  4  5  6  7  8  9 10 11 12 13 14 15 16 |
---------------+-------------------------------------------------+-----
Axes           | 4 5 7 8 10 12 14 17 19 20 22 24 25 | 25.1
Fighting       | 4 5 6 7 8 9 11 12 14 15 17 19 | 19.1
Armour         | 3 4 5 8 10 11 12 13 14 15 17 18 | 18.5
Evocations     | 1 |  1.6
Dodging        | |  2.3
Shields        | |  0.3

Action                     |  1- 3 |  4- 6 |  7- 9 | 10-12 | 13-15 | 16-18 || total
---------------------------+-------+-------+-------+-------+-------+-------++-------
  Melee: Hand axe          |    62 |   152 |   316 |    35 |       |       ||   565
         Headbutt          |    10 |    20 |    61 |    74 |    94 |    43 ||   302
         Punch             |       |       |     6 |       |       |       ||     6
         Battleaxe         |       |       |       |   381 |   101 |       ||   482
         Executioner's axe |       |       |       |       |   493 |   186 ||   679
 Invoke: Berserk           |     1 |     3 |     6 |    12 |     7 |     3 ||    32
         Brothers in Arms  |       |       |     2 |     2 |     9 |     6 ||    19
         Trog's Hand       |       |       |     1 |       |     4 |     3 ||     8
  Evoke: Wand              |       |       |       |       |     4 |       ||     4
    Use: Potion            |     4 |     7 |     1 |       |    11 |     5 ||    28
         Scroll            |     3 |     5 |     6 |     5 |    16 |     5 ||    40
   Stab: Distracted        |       |       |       |     1 |     1 |       ||     2
 Armour: Animal skin       |     3 |       |       |       |       |       ||     3
         Leather armour    |    12 |    12 |       |       |       |       ||    24
         Chain mail        |       |    38 |    65 |       |       |       ||   103
         Plate armour      |       |       |   156 |   347 |   992 |   323 ||  1818
  Dodge: Dodged            |    33 |    71 |   154 |   141 |   439 |   147 ||   985
  Block: Other             |       |       |       |    81 |    22 |       ||   103
         Reflection        |       |       |       |     6 |     1 |       ||     7

Table legend: (Time is in decaauts)
 A = Elapsed time spent in this place.
 B = Non-inter-level travel time spent in this place.
 C = Inter-level travel time spent in this place.
 D = Time resting spent in this place.
 E = Time spent auto-exploring this place.
 F = Levels seen in this place.
 G = Mean time per level.
                   A        B        C        D        E       F      G
               +--------+--------+--------+--------+--------+-----+--------+
         Total |  23249 |  22188 |   1061 |      0 |  15266 |  29 |  801.7 |
       Dungeon |  10928 |  10261 |    667 |      0 |   7954 |  13 |  840.6 |
          Lair |   5267 |   5035 |    232 |      0 |   3583 |   5 | 1053.4 |
         Swamp |    172 |    172 |      0 |      0 |     49 |   1 |  172.0 |
   Spider Nest |   4473 |   4336 |    137 |      0 |   2659 |   4 | 1118.2 |
  Orcish Mines |    696 |    672 |     24 |      0 |    358 |   2 |  348.0 |
         Sewer |    624 |    624 |      0 |      0 |    367 |   1 |  624.0 |
       Ossuary |    227 |    227 |      0 |      0 |    140 |   1 |  227.0 |
        Bailey |    364 |    364 |      0 |      0 |    152 |   1 |  364.0 |
      Gauntlet |    494 |    494 |      0 |      0 |      2 |   1 |  494.0 |
               +--------+--------+--------+--------+--------+-----+--------+

Top non-repeatable levels by time:
    D:12: 1802 daAuts
Spider:2: 1749 daAuts
     D:3: 1330 daAuts
Spider:1: 1310 daAuts
  Lair:5: 1303 daAuts
  Lair:2: 1190 daAuts
  Lair:4: 1124 daAuts
     D:5: 1117 daAuts
     D:4: 1000 daAuts
  Lair:1: 941 daAuts
    D:11: 907 daAuts
Spider:3: 899 daAuts
    D:10: 867 daAuts
     D:7: 824 daAuts
     D:6: 823 daAuts
